 Dungeon Crawl Stone Soup version 0.20.0-15-g7f486f2 (webtiles) character file.

1 Dumah the Charmwright (level 1, 0/17 HPs)
             Began as a Draconian Skald on June 12, 2017.
             Slain by a ball python (1 damage)
             ... on level 1 of the Dungeon.
             The game lasted 00:01:40 (64 turns).

Dumah the Charmwright (Draconian Skald)               Turns: 64, Time: 00:01:41

Health: 0/17       AC:  4    Str: 13    XL:     1   Next: 16%
Magic:  3/3        EV: 12    Int: 13    God:
Gold:   10         SH:  0    Dex: 10    Spells: 3/4 levels left

rFire    . . .     SeeInvis .   a - +0 mace
rCold    . . .     Gourm    .   (no shield)
rNeg     . . .     Faith    .   (armour unavailable)
rPois    .         Spirit   .   (helmet restricted)
rElec    .         Reflect  .   (no cloak)
rCorr    .         Harm     .   (no gloves)
MR       .....                  (no boots)
Stlth    +.........             (no amulet)
Regen    0.1/turn               (no ring)
MPRegen  0.1/turn               (no ring)

@: no status effects
A: unfitting armour, cold-blooded, AC +4
a: no special abilities


You were on level 1 of the Dungeon.
You were not hungry.

You visited 1 branch of the dungeon, and saw 2 of its levels.

You collected 10 gold pieces.

Inventory:

Hand Weapons
 a - a +0 mace (weapon)
Books
 b - a book of Battle

   Spells                             Type                      Level
   a - Infusion                       Charms                       1
   b - Shroud of Golubria             Charms/Translocation         2
   c - Song of Slaying                Charms                       2
   d - Spectral Weapon                Hexes/Charms                 3
   e - Regeneration                   Charms/Necromancy            3
Comestibles
 c - 2 bread rations


   Skills:
 * Level 2.1 Fighting
 + Level 2.0 Maces & Flails
 + Level 2.1 Dodging
 * Level 2.1 Spellcasting
 + Level 2.6 Charms


You had 3 spell levels left.
You knew the following spells:

 Your Spells              Type           Power        Failure   Level  Hunger
a - Infusion              Chrm           #...         9%          1    ##.....


Dungeon Overview and Level Annotations

Branches:
Dungeon (2/15)

Altars:


Innate Abilities, Weirdness & Mutations

Your plain brown scales are hard. (AC +4)
You cannot fit into any form of body armour.
You are cold-blooded and may be slowed by cold attacks.


Message History

The leopard gecko is severely wounded.
The hobgoblin hits you with a club.
* * * LOW HITPOINT WARNING * * *
The leopard gecko barely misses you. The leopard gecko bites you.
* * * LOW HITPOINT WARNING * * *
There is a stone staircase leading down here.
The leopard gecko bites you but does no damage.
The ball python closely misses you. The ball python barely misses you.
You climb downwards.
Found a royal jelly.
There is a stone staircase leading up here.
The leopard gecko barely misses you. The ball python misses you.
The ball python barely misses you.
You climb upwards.
The hobgoblin hits you with a club.
* * * LOW HITPOINT WARNING * * *
There is a stone staircase leading down here.
The leopard gecko completely misses you.
The ball python bites you.
You die...

....# ... ..... .....
.....
#...####...##....###
###.................
.........#.........#
#....##.....##..$ ?
##....$......#..#
..#....#........l.#
...........)....@.#
##....#######..Sg.#
#####.#.....#....##
#...#.#†≈≈X.#....####..
#...#'#.≈≈≈.#......[..#
#.<..'#†≈≈≈.#....######
#...#'#.≈≈≈†#..%.###
#...#.#†≈≈≈†#.#....##
#####.#[....#.####..#


You could see a leopard gecko, a hobgoblin, a ball python and a neutral kraken.

Vanquished Creatures
  A frilled lizard (D:1)
  A goblin (D:1)
2 creatures vanquished.

Vanquished Creatures (others)
  A ghoul (D:1)
  A gargoyle (D:1)
  A troll (D:1)
  2 vampires (D:1)
  A formicid (D:1)
  2 nagas (D:1)
  A centaur (D:1)
  A mummy (D:1)
  4 orcs (D:1)
  A kobold (D:1)
  4 tentacles (D:1)
19 creatures vanquished.

Grand Total: 21 creatures vanquished

Notes
Turn   | Place    | Note
-------+----------+-------------------------------------------
     0 | D:1      | Dumah the Draconian Skald began the quest for the Orb.
     0 | D:1      | Reached XP level 1. HP: 17/17 MP: 3/3
     2 | D:1      | Noticed a formicid
     2 | D:1      | Noticed a centaur
     2 | D:1      | Noticed a vampire
     2 | D:1      | Noticed a vampire
     2 | D:1      | Noticed a naga
     2 | D:1      | Noticed a kraken
     2 | D:1      | Noticed a naga
     2 | D:1      | Noticed a troll
     2 | D:1      | Noticed a gargoyle
     2 | D:1      | Noticed a ghoul
     4 | D:1      | Killed a vampire
     5 | D:1      | Killed a naga
     8 | D:1      | Killed a gargoyle
     9 | D:1      | Killed a naga
    11 | D:1      | Killed a vampire
    11 | D:1      | Killed a troll
    12 | D:1      | Killed a centaur
    14 | D:1      | Killed a formicid
    14 | D:1      | Killed a ghoul
    64 | D:1      | Slain by a ball python

Action                   || total
-------------------------++-------
Melee: Mace              ||     7
 Cast: Infusion          ||     1
Armor: Skin              ||     2
Dodge: Dodged            ||    12
